 Dungeon Crawl Stone Soup version 0.29.1-12-g30fa7ad0bf (webtiles) character file.

Game seed: 5044797098144794147

43 mopl the Chopper (level 3, -2/29 HPs)
             Began as a Barachi Monk on Dec 15, 2022.
             Slain by a worm (9 damage)
             ... on level 2 of the Dungeon.
             The game lasted 00:01:06 (1173 turns).

mopl the Chopper (Barachi Monk)                     Turns: 1173, Time: 00:01:07

Health: -2/29      AC:  2    Str: 14    XL:     3   Next: 58%
Magic:  3/3        EV: 13    Int: 10    God:
Gold:   90         SH:  0    Dex: 14    Spells: 2/2 levels left

rFire   . . .      SeeInvis .   a - +0 hand axe
rCold   . . .      Faith    .   (no shield)
rNeg    . . .      Spirit   .   b - +0 robe
rPois   .          Reflect  .   (no helmet)
rElec   .          Harm     .   (no cloak)
rCorr   .          Rampage  .   (no gloves)
Will    .....                   (no boots)
Stlth   ++........              (no amulet)
HPRegen 0.09/turn               (no ring)
MPRegen 0.08/turn               (no ring)

@: slow
A: amphibious, slowness 1, strong legs 1, +LOS
a: Hop


You were on level 2 of the Dungeon.
You visited 1 branch of the dungeon, and saw 2 of its levels.

You collected 90 gold pieces.

Inventory:

Hand Weapons
 a - a +0 hand axe (weapon)
Armour
 b - a +0 robe (worn)
Wands
 i - a wand of charming (3)
Scrolls
 e - a scroll of blinking {unknown}
 f - a scroll of vulnerability {unknown}
 h - a scroll of immolation {unknown}
Potions
 c - a potion of ambrosia
 d - 2 potions of degeneration {unknown}
 g - 4 potions of curing {unknown}


   Skills:
 - Level 3.6 Fighting
 + Level 4.9 Axes
 - Level 3.2 Dodging
 - Level 1.7 Stealth


You had 2 spell levels left.
You didn't know any spells.
Your spell library was empty.

Dungeon Overview and Level Annotations

Branches:
Dungeon (2/15)

Altars:
Ashenzari


Innate Abilities, Weirdness & Mutations

You are amphibious.
You cover ground slowly.
You can hop short distances.
You have an extended range of vision and can be seen from far away.


Message History

You are too injured to fight recklessly!
You are too injured to fight recklessly!
You are too injured to fight recklessly!
You are too injured to fight recklessly!
You are too injured to fight recklessly!
You are too injured to fight recklessly!
You are too injured to fight recklessly!
You are too injured to fight recklessly!
You are too injured to fight recklessly!
You are too injured to fight recklessly!
You are too injured to fight recklessly!
You are too injured to fight recklessly!
You are too injured to fight recklessly!
You are too injured to fight recklessly!
You hit the worm but do no damage.
The worm is moderately wounded.
You hit the giant cockroach but do no damage.
The giant cockroach bites you but does no damage.
The worm barely misses you.
You barely miss the worm.
The worm is lightly wounded.
You hit the giant cockroach.
The giant cockroach bites you but does no damage.
The giant cockroach bites you.
You hit the worm.
The worm is heavily wounded.
You barely miss the giant cockroach. The giant cockroach closely misses you.
The worm bites you.
You hit the worm but do no damage.
The worm is heavily wounded.
You hit the giant cockroach.
You kill the giant cockroach!
The worm bites you.
* * * LOW HITPOINT WARNING * * *
You hit the worm.
The worm is heavily wounded.
You hit the worm.
The worm is severely wounded.
The worm bites you!
You die...

# #. #.# # ...#.
#.#.### .....#
#.#.#$#w## [
#....).@.# ..#
#######..#
....#####.#..#####
...
.................#
....
....................
....
..(.####.....###.###
. . ##....# # #.#.##
#.#...


You could see a worm.

Vanquished Creatures
  3 endoplasms (D:1)
  2 giant cockroaches
  5 goblins
  8 hobgoblins (D:1)
  2 jackals (D:1)
  4 ball pythons
  5 bats (D:1)
  4 frilled lizards (D:1)
  2 kobolds (D:1)
  3 rats
38 creatures vanquished.

Notes
Turn   | Place    | Note
-------+----------+-------------------------------------------
     0 | D:1      | mopl the Barachi Monk began the quest for the Orb.
     0 | D:1      | Reached XP level 1. HP: 18/18 MP: 1/1
   112 | D:1      | Reached XP level 2. HP: 22/24 MP: 2/2
   117 | D:1      | Reached skill level 4 in Axes
   507 | D:1      | Reached XP level 3. HP: 26/29 MP: 3/3
   788 | D:1      | Found a faded altar of an unknown god.
  1088 | D:2      | Found a broken altar of Ashenzari.
  1173 | D:2      | Slain by a worm

Illustrated notes

Levels and vault maps discovered:
D:1:      dpeg_arrival_boxes_within_box, layout_basic,
          hellmonk_ecumenical_altar_leap_of_faith, corexii_hall_statues_l,
          minmay_splitting_lines
D:2:      layout_loops_corners, basic_altar

Skill      XL: |  1  2 |
---------------+-------+-----
Axes           | 4 |  4.9
Fighting       | |  3.6
Dodging        | |  3.2
Stealth        | |  1.7

Action                   || total
-------------------------++-------
Melee: Hand axe          ||   108
       Punch             ||     3
Armor: Robe              ||    19
Dodge: Dodged            ||    77
